 Dungeon Crawl Stone Soup version 0.22-a0-825-ga28c36f (console) character file.

233 tminei the Firebug (level 6, -5/41 HPs)
             Began as a Human Fire Elementalist on July 24, 2018.
             Slain by an ogre
             ... wielding a +0 giant club
              (16 damage)
             ... on level 3 of the Dungeon.
             The game lasted 00:26:05 (3188 turns).

tminei the Firebug (Human Fire Elementalist)        Turns: 3188, Time: 00:26:06

Health: -5/41      AC:  2    Str:  8    XL:     6   Next: 25%
Magic:  10/10      EV: 13    Int: 17    God:
Gold:   188        SH:  0    Dex: 14    Spells: 9/10 levels left

rFire    . . .     SeeInvis .   j - +0 hand axe
rCold    . . .     Gourm    .   (no shield)
rNeg     . . .     Faith    .   a - +0 robe
rPois    .         Spirit   .   (no helmet)
rElec    .         Reflect  .   (no cloak)
rCorr    .         Harm     .   (no gloves)
MR       .....                  (no boots)
Stlth    ++........             (no amulet)
HPRegen  0.13/turn              t - ring of flight
MPRegen  0.12/turn              (no ring)

@: no status effects
A: no striking features
a: Evoke Flight


You were on level 3 of the Dungeon.
You were not hungry.

You visited 1 branch of the dungeon, and saw 4 of its levels.

You collected 188 gold pieces.

Inventory:

Hand Weapons
 j - a +0 hand axe (weapon)
Missiles
 b - 127 stones (quivered)
 q - 13 arrows
Armour
 a - a +0 robe (worn)
Jewellery
 t - a ring of flight (left hand)
Wands
 u - a wand of flame (19)
Scrolls
 d - a scroll of magic mapping
 f - 2 scrolls of blinking
 k - 2 scrolls of teleportation
 m - a scroll of noise {unknown}
 o - a scroll of enchant armour {unknown}
 p - 2 scrolls of amnesia {unknown}
 v - a scroll of remove curse {unknown}
Potions
 e - 2 potions of lignification
 g - a potion of cancellation {unknown}
 h - 6 potions of curing
 l - 2 potions of agility {unknown}
 n - a potion of resistance {unknown}
 r - a potion of mutation {unknown}
 s - a potion of magic {unknown}
 x - 3 potions of heal wounds
Comestibles
 c - 3 rations


   Skills:
 - Level 0.1 Fighting
 - Level 0.1 Axes
 * Level 2.7 Dodging
 * Level 3.4 Stealth
 - Level 0.3 Unarmed Combat
 * Level 2.9 Spellcasting
 + Level 2.3 Conjurations
 * Level 4.4 Fire Magic


You had 9 spell levels left.
You knew the following spells:

 Your Spells              Type           Power        Failure   Level  Hunger
a - Flame Tongue          Conj/Fire      ##...        4%          1    #......

Your spell library contained the following spells:

 Spells                   Type           Power        Failure   Level  Hunger
 Fireball                 Conj/Fire      ##........   77%         5    ######.
 Conjure Flame            Conj/Fire      ##......     13%         3    ###....
 Throw Flame              Conj/Fire      ##....       7%          2    ##.....
 Sticky Flame             Conj/Fire      ##......     41%         4    #####..
 Inner Flame              Hex/Fire       ##......     22%         3    ###....


Dungeon Overview and Level Annotations

Branches:
Dungeon (4/15)
 Temple: D:4-7

Altars:
Dithmenos
Ru
Xom

Annotations:
D:4 Sigmund


Message History

The ogre hits you with a giant club!!
Ouch! That really hurt!
* * * LOW HITPOINT WARNING * * *
The ogre completely misses you.
The goblin shouts!
There is a stone staircase leading up, spattered with blood here.
You take 30 damage, and have 11/41 hp.
MASSIVE DAMAGE!!
The orc priest mumbles some strange prayers to Beogh against you.
You barely resist.
You climb upwards.
There is a stone staircase leading down here.
Evoke which item? (* to show all) (? for menu, Esc to quit)
Aiming: Throw Flame
Press: ? - help, Shift-Dir - straight line, f - ogre
Aim: an ogre, wielding a giant club The puff of flame hits the ogre.
The ogre is moderately wounded.
The ogre hits you with a giant club!
You die... ЇЇЇЇЇ ЇЇЇЇЇ

Ї...Ї ....Ї ЇЇЇ Ї.... ....Ї Ї.Ї
ЇЇ..ЇЇ ....Ї Ї.Ї ЇЇ...Ї ....Ї ЇЇ.Ї
Ї...♣♣ ....ЇЇ Ї..Ї Ї..♣♣♣♣ .....Ї
ЇЇ..Ї ЇЇЇ.≈♣P≈≈ .....Ї
ЇЇЇ...ЇЇЇЇЇЇ..♣♣P≈PP .....Ї
ЇЇ....ЇЇЇ....♣≈♣≈≈≈≈≈ .ЇЇЇ.Ї
Ї............♣≈≈≈≈... .Ї Ї.Ї
ЇЇ........ЇЇЇ......... .Ї
Ї.ЇЇЇЇЇЇЇЇЇ.........Ї ЇЇ........ .Ї
Ї...........Ї.Ї.ЇЇЇЇЇ Ї..♣≈≈..≈
.ЇЇЇ..ЇЇЇЇ..Ї....Ї.Ї Ї..♣≈≈P≈P
.....ЇЇ.......Ї.ЇЇ.Ї ЇЇ.ЇP≈≈≈≈
..ЇЇ....ЇЇЇ.....Ї..Ї Ї.ЇЇ≈≈≈≈
Ї.....ЇЇЇЇ..ЇЇ..Ї.ЇЇ Ї.ЇЇ≈≈≈≈
ЇЇЇЇ.......ЇЇЇ....Ї Ї.ЇЇP≈≈≈
.........ЇЇЇ.....ЇЇ Ї.ЇЇЇ♣≈♣
Ї.............b..ЇЇ Ї.Ї ЇЇЇ
...Ї.ЇЇ....)....).Ї Ї.Ї
.Ї...ЇЇ........Ї.@ЇЇ Ї.Ї
Ї...ЇЇЇ........ЇO..ЇЇЇЇ Ї.Ї
....ЇЇЇЇ..ЇЇЇЇЇ..Ї....ЇЇ Ї.Ї
..........Ї ЇЇЇ.ЇЇЇЇЇ..Ї Ї.Ї
._.ЇЇЇ..Ї.ЇЇЇ...Ї ЇЇ.ЇЇЇЇЇ.ЇЇЇЇЇЇ
...ЇЇ...Ї.ЇЇ..ЇЇЇ ЇЇ.....Ї......Ї
......ЇЇЇ.ЇЇ.ЇЇЇЇЇЇЇЇ..............
Ї.Ї.....ЇЇ.........................
Ї....ЇЇ..ЇЇ...ЇЇЇЇЇЇ......[........
Ї...ЇЇ....Ї...ЇЇ Ї...............
Ї...Ї._...Ї[...ЇЇЇ Ї....>..........
Ї...ЇЇ....Ї......Ї Ї...............
Ї....ЇЇ..ЇЇ...ЇЇ.Ї Ї...............
Ї.......ЇЇ....ЇЇ.ЇЇЇЇ..............
......ЇЇЇ.....ЇЇ....ЇЇ.....Ї......Ї
......ЇЇЇ.....ЇЇЇЇЇ.....ЇЇЇЇ.......
...................<....ЇЇЇЇЇ......
......ЇЇЇ.....ЇЇЇЇЇЇЇЇ.............
.....ЇЇЇЇЇЇЇЇЇЇЇЇЇЇЇЇЇЇЇЇЇ.ЇЇ......
..................<................
......ЇЇЇЇЇЇЇЇЇЇЇЇЇЇЇЇЇЇЇЇЇЇЇ......
......Ї Ї...... ......Ї


ЇЇЇЇЇЇЇ .....ЇЇ Ї...ЇЇ ЇЇЇЇЇ You could see an ogre.

Vanquished Creatures
  A scorpion (D:4)
  An orc priest (D:3)
  A worker ant (D:4)
  An orc wizard (D:2)
  5 adders
  An ooze (D:1)
  A worm (D:3)
  A dart slug (D:2)
  2 leopard geckos
  An orc (D:4)
  5 bats
  3 giant cockroaches
  5 goblins
  7 hobgoblins
  2 jackals (D:2)
  A quokka (D:3)
  A ball python (D:2)
  A frilled lizard (D:1)
  8 kobolds
  4 rats
  A butterfly (D:3)
53 creatures vanquished.

Notes
Turn   | Place    | Note
-------+----------+-------------------------------------------
     0 | D:1      | tminei the Human Fire Elementalist began the quest for the Orb.
     0 | D:1      | Reached XP level 1. HP: 13/13 MP: 3/3
   161 | D:1      | Reached XP level 2. HP: 15/19 MP: 0/5
   891 | D:1      | Reached XP level 3. HP: 24/24 MP: 1/6
  1482 | D:2      | Reached XP level 4. HP: 24/30 MP: 3/7
  1532 | D:2      | Found a sacrificial altar of Ru.
  1915 | D:2      | Reached skill level 4 in Fire Magic
  2289 | D:3      | Reached XP level 5. HP: 34/35 MP: 3/8
  2366 | D:3      | Reached skill level 2 in Conjurations
  2394 | D:3      | Found a shadowy altar of Dithmenos.
  2402 | D:3      | Found a shimmering altar of Xom.
  2620 | D:3      | Reached skill level 3 in Stealth
  2902 | D:4      | Reached XP level 6. HP: 29/41 MP: 3/10
  3176 | D:4      | Noticed Sigmund
  3176 | D:4      | Noticed an ogre
  3188 | D:3      | Slain by an ogre

Vault maps used:
D:1:      doesnt_arrival_eight_statues
D:2:      nicolae_ru_great_annihilating_truth, grunt_ministairs_2
D:3:      xom_butterflies, nicolae_dithmenos_through_a_glass_darkly,
          first_ration, serial_bayou_ford_a
D:4:      led_sif_book, serial_shops, shop, nicolae_shop_crystal,
          uniq_blork_the_orc, uniq_sigmund

Skill      XL: |  1  2  3  4  5 |
---------------+----------------+-----
Fire Magic     | 4 |  4.4
Conjurations   | 2 |  2.3
Stealth        | 3 |  3.4
Fighting       | |  0.1
Axes           | |  0.1
Dodging        | |  2.7
Unarmed Combat | |  0.3
Spellcasting   | |  2.9

Action                   |  1- 3 |  4- 6 || total
-------------------------+-------+-------++-------
Melee: Unarmed           |    13 |       ||    13
       Hand axe          |    16 |    19 ||    35
 Cast: Flame Tongue      |    44 |    56 ||   100
Evoke: Wand              |       |     5 ||     5
  Use: Scroll            |     3 |     3 ||     6
 Stab: Sleeping          |     1 |       ||     1
  Eat: Chunk             |     3 |     4 ||     7
       Ration            |       |     1 ||     1
Armor: Robe              |     6 |    15 ||    21
Dodge: Dodged            |    33 |    34 ||    67

Table legend:
 A = Spawn XP
 B = Non-spawn XP
 C = Spawn XP percentage of total XP
 D = Spawn monster count
 E = Non-spawn monster count
 F = Spawn count percentage of total count
 G = Total turns spent on level
                    A         B        C        D         E        F      G
               +---------+---------+-------+---------+---------+-------+---------
         Total |       0 |     333 |   0.0 |       0 |      52 |   0.0 |  3188
               +---------+---------+-------+---------+---------+-------+---------
           D:1 |       0 |      38 |   0.0 |       0 |      19 |   0.0 |  1284
           D:2 |       0 |      87 |   0.0 |       0 |      17 |   0.0 |   975
           D:3 |       0 |      99 |   0.0 |       0 |      13 |   0.0 |   872
           D:4 |       0 |     109 |   0.0 |       0 |       3 |   0.0 |    57
               +---------+---------+-------+---------+---------+-------+---------
